 Dungeon Sprint DCSS version 0.19.0-24-gb05acd6 (webtiles) character file.

5344 equalderp2856 the Imperceptible (level 10, 0/48 (49) HPs)
             Began as a Felid Fighter on Nov 21, 2016.
             Succumbed to poison (dark miasma)
             ... in the Dungeon (Sprint I: "Red Sonja").
             The game lasted 00:28:50 (5142 turns).

equalderp2856 the Imperceptible (Felid Fighter)     Turns: 5142, Time: 00:28:51

HP:   0/48 (49)     AC:  2    Str: 13 (15) XL:     10   Next: 38%
MP:   17/17         EV: 27    Int:  7 (8)  God:
Gold: 1366          SH:  0    Dex: 15 (16) Spells: 1 memorised, 16 levels left
                                        Lives: 0   Deaths: 2

rFire  . . .     SeeInvis +       - Unarmed
rCold  . . .     Gourm    .     (armour unavailable)
rNeg   . . .     Faith    .     (shield unavailable)
rPois  .         Spirit   .     (helmet unavailable)
rElec  .         Reflect  .     (cloak unavailable)
rCorr  .         Harm     .     (gloves unavailable)
MR     +....     NoTele   +     (boots unavailable)
Stlth  +++++++++.               (no amulet)
                                (no ring)
                                q - ring of stealth

@: lethally poisoned (0 -> -11), quick
A: no armour, no weapons or thrown items, stealth, claws 1, fangs 3, see
invisible, carnivore 3, clumsy 1, deterioration 1, dopey 1, speed 1, shaggy fur
2, slow metabolism 1, strong 1, sharp paws
a: no special abilities


You were in the Dungeon.
You were not hungry.

You visited 1 branch You collected 2171 gold pieces.
You spent 805 gold pieces at shops.

Inventory:

Hand Weapons
 o - a +0 mace
Jewellery
 q - a ring of stealth (left paw)
Wands
 a - a wand of slowing (29/48)
 i - a wand of polymorph (14/24)
 k - a wand of flame (17/48)
Scrolls
 h - a scroll of blinking
 r - a scroll of remove curse
Potions
 e - a potion of haste
 f - 2 potions of magic
 g - a potion of berserk rage
 j - a potion of ambrosia {unknown}
 l - a potion of agility {unknown}
Books
 p - a book of Cantrips

   Spells                             Type                      Level
   a - Confusing Touch                Hexes                        1
   b - Animate Skeleton               Necromancy                   1
   c - Summon Small Mammal            Summoning                    1
   d - Apportation                    Translocation                1
 s - a book of Minor Magic

   Spells                             Type                      Level
   a - Magic Dart                     Conjuration                  1
   b - Blink                          Translocation                2
   c - Call Imp                       Summoning                    2
   d - Repel Missiles                 Charms/Air                   2
   e - Slow                           Hexes                        2
   f - Conjure Flame                  Conjuration/Fire             3
   g - Mephitic Cloud                 Conjuration/Poison/Air       3
Miscellaneous
 m - a box of beasts
Comestibles
 b - 2 meat rations
 n - a beef jerky


   Skills:
 + Level 9.0 Fighting
 + Level 12.5 Dodging
 * Level 23.6 Stealth
 + Level 18.8 Unarmed Combat
 + Level 4.2 Spellcasting
 + Level 4.7 Necromancy


You had 16 spell levels left.
You knew the following spells:

 Your Spells              Type           Power        Failure   Level  Hunger
a - Animate Skeleton      Necr           N/A          6%          1    #......


Dungeon Overview and Level Annotations

Branches:
Dungeon (1/1)

Altars:
Cheibriados
Dithmenos
Elyvilon
Fedhas
Gozag
Hepliaklqana
Kikubaaqudgha
Makhleb
Nemelex Xobeh
Okawaru
Qazlal
Ru
Sif Muna
Trog
Uskayaw
Vehumet
Xom
Yredelemnul
Zin
The Shining One
Jiyva
Lugonu

Shops:
D ![*[?[[((!*%*((((*=[:

Annotations:
D exclusion: oklob plant, Lom Lobon


Innate Abilities, Weirdness & Mutations

You cannot wear armour.
You are incapable of wielding weapons or throwing items.
Your paws allow you to move quietly. (Stealth)
You have sharp claws.
You have razor-sharp teeth.
You have supernaturally acute eyesight. (SInv)
You are carnivorous and can eat meat at any time.
You cover ground quickly.
You are covered in thick fur. (AC +2)
You have a slow metabolism.
Your sharp claws are effective at attacking unaware monsters.
You are clumsy. (Dex -2)
Your body sometimes deteriorates upon taking damage.
You are dopey. (Int -2)
Your muscles are strong. (Str +2)


Message History

* * * LOW HITPOINT WARNING * * *
You feel sick.
You feel better.
You are engulfed in dark miasma.
You are lethally poisoned!
You feel your flesh rotting away!
* * * LOW HITPOINT WARNING * * *
x2 You feel sick.
Okay, then.
* * * LOW HITPOINT WARNING * * *
You feel sick.
* * * LOW HITPOINT WARNING * * *
You feel sick.
* * * LOW HITPOINT WARNING * * *
You feel sick.
Lom Lobon gestures.
A great vortex of raging winds appears around Lom Lobon!
* * * LOW HITPOINT WARNING * * *
You feel sick.
It was a potion of cancellation.
You feel magically purged.
You die...

§.^.'.§$§$#*,*,*,#..≈.[#,****+*,,
#^..#^..§.#,,***,#.)≈.##+*,,,,**,
#§..###''##,**,,,#..≈##,,,,,,,,**
#.§###§.##*,,*+###..≈#,,,,,,,,,,*
#§§####..###,,,#P≈..##,,,,,,,,,,*
##'#..#).#.###,#M≈..#,,,,,,,,,,,,
##.#.........#,###..#,,,,,,,,,,,,
####...†.....#,#.'..#*,,,,,,,,,,*
#[.'...§§.####+#@##'#*,,,,,,,,,,*
#####...###,,,,#.#≈≈≈#*,,,,,,,,**
#,,,#####,,,####§#≈≈≈≈#*,,,,,,**,
#,,,,,,,,,###..§§#≈≈≈≈≈#*******,,
,,,,,,#####....####≈≈≈≈#≈≈≈≈≈*,,,
,,,,,*#.§...§..#,,#'≈≈≈'≈≈,≈≈',,,
,,,,**§.§...§.§#,,,##≈≈#≈≈≈≈≈*≈≈≈
,,,,*,..§§.§..§#,,,,******'*****≈
******###§§&.§§#,,,,*≈≈≈≈≈≈≈≈≈≈**


There were no monsters in sight!

Vanquished Creatures
  A lorocyproca (D)
  A hydra (D)
  2 centaur warriors (D)
  Sonja (D)
  A deep troll (D)
  2 unseen horrors (D)
  A lindwurm (D)
  An oklob plant (D)
  8 shining eyes (D)
  A siren (D)
  A gargoyle (D)
  2 kobold demonologists (D)
  4 demonic crawlers (D)
  2 hornets (D)
  A slime creature (D)
  Sigmund (D)
  2 redbacks (D)
  A yak (D)
  13 hogs (D)
  7 floating eyes (D)
  An ogre (D)
  7 necrophages (D)
  8 jellies (D)
  Ijyb (D)
  6 ballistomycetes (D)
76 creatures vanquished.

Vanquished Creatures (others)
  A shadow dragon (D)
  A gargoyle (D)
  2 hornets (D)
  2 ballistomycete spores (D)
6 creatures vanquished.

Grand Total: 82 creatures vanquished

Notes
Turn   | Place    | Note
-------+----------+-------------------------------------------
     0 | D        | equalderp2856 the Felid Fighter began the quest for the Orb.
     0 | D        | Reached XP level 1. HP: 10/10 MP: 2/2
     2 | D        | Noticed Ijyb
    10 | D        | Killed Ijyb
    10 | D        | Reached skill level 3 in Stealth
    10 | D        | Reached skill level 5 in Unarmed Combat
    10 | D        | Reached XP level 2. HP: 9/15 MP: 3/3
   125 | D        | Noticed an ogre
   136 | D        | Killed an ogre
   136 | D        | Reached skill level 5 in Stealth
   136 | D        | Reached XP level 3. HP: 18/18 MP: 4/4
   136 | D        | Reached XP level 4. HP: 22/22 MP: 5/5
   248 | D        | Noticed Sigmund
   251 | D        | Killed Sigmund
   251 | D        | Reached skill level 5 in Fighting
   251 | D        | Reached skill level 7 in Stealth
   251 | D        | Reached XP level 5. HP: 26/26 MP: 6/6
   265 | D        | Found a deep blue altar of Sif Muna.
   267 | D        | Found a radiant altar of Vehumet.
   273 | D        | Reached skill level 10 in Unarmed Combat
   273 | D        | Gained mutation: You are covered in thick fur. (AC +2) [Felid growth]
   273 | D        | Reached XP level 6. HP: 4/31 MP: 7/7
   549 | D        | Found a burning altar of Makhleb.
   549 | D        | Found a viscous altar of Jiyva.
   549 | D        | Found a shimmering altar of Xom.
   549 | D        | Found a corrupted altar of Lugonu.
   549 | D        | Noticed a slime creature
   553 | D        | Killed a slime creature
   553 | D        | Reached skill level 9 in Stealth
   582 | D        | Found Vinuriep's Armour Emporium.
   582 | D        | Found an ancient bone altar of Kikubaaqudgha.
   582 | D        | Found a hazy altar of Hepliaklqana.
   582 | D        | Found a stormy altar of Qazlal.
   582 | D        | Found a hide-covered altar of Uskayaw.
   582 | D        | Found a blossoming altar of Fedhas.
   582 | D        | Found a bloodstained altar of Trog.
   582 | D        | Found an iron altar of Okawaru.
   582 | D        | Found a basalt altar of Yredelemnul.
   582 | D        | Found a glowing golden altar of the Shining One.
   582 | D        | Found a snail-covered altar of Cheibriados.
   582 | D        | Found a sacrificial altar of Ru.
   582 | D        | Found a glowing silver altar of Zin.
   582 | D        | Found a shadowy altar of Dithmenos.
   582 | D        | Found a white marble altar of Elyvilon.
   582 | D        | Noticed a yak
   583 | D        | Found an opulent altar of Gozag.
   584 | D        | Killed a yak
   584 | D        | Reached XP level 7. HP: 35/35 MP: 8/8
   585 | D        | Found a sparkling altar of Nemelex Xobeh.
   620 | D        | Noticed a centaur warrior
   621 | D        | Noticed a centaur warrior
   622 | D        | Noticed a deep troll
   624 | D        | Killed a deep troll
   624 | D        | Reached skill level 10 in Dodging
   624 | D        | Reached skill level 11 in Stealth
   624 | D        | Reached XP level 8. HP: 40/40 MP: 9/9
   640 | D        | Killed a centaur warrior
   640 | D        | Reached skill level 13 in Stealth
   647 | D        | Killed a centaur warrior
   647 | D        | Reached skill level 14 in Stealth
   647 | D        | Reached XP level 9. HP: 44/44 MP: 10/10
   654 | D        | Noticed Sonja
   657 | D        | Killed Sonja
   657 | D        | Reached skill level 15 in Stealth
   657 | D        | Reached skill level 15 in Unarmed Combat
   677 | D        | Noticed an oklob plant
   686 | D        | Killed an oklob plant
   705 | D        | Reached skill level 16 in Stealth
   708 | D        | Reached XP level 10. HP: 28/49 MP: 11/11
   765 | D        | Found Jeirano's Armour Emporium.
   791 | D        | Found Cetorion's Distillery.
   856 | D        | Noticed an unseen horror
   857 | D        | Noticed an unseen horror
   873 | D        | Killed an unseen horror
   922 | D        | Killed an unseen horror
   922 | D        | Reached skill level 17 in Stealth
   970 | D        | Reached skill level 18 in Stealth
  1046 | D        | Found Sew Osk's Antique Weapon Shoppe.
  1046 | D        | Found Celyefev's Armour Shop.
  1046 | D        | Found Satzemm's Weapon Boutique.
  1048 | D        | Found Biczapuh's Distillery.
  1048 | D        | Found Mackus's Assorted Antiques.
  1048 | D        | Found Isoepp's Food Shoppe.
  1048 | D        | Found Dokiu's Assorted Antiques.
  1048 | D        | Found Bukkaanemm's Weapon Emporium.
  1048 | D        | Found Tiakar's Antique Weapon Shop.
  1048 | D        | Found Murin's Weapon Shoppe.
  1050 | D        | Found Exze's Antique Weapon Boutique.
  1051 | D        | Found Ihidgholu's Jewellery Emporium.
  1051 | D        | Found Lucu's General Store.
  1052 | D        | Found Toanou's Book Emporium.
  1131 | D        | Bought a book of Cantrips for 280 gold pieces
  1133 | D        | Bought an uncursed ring of stealth for 245 gold pieces
  1524 | D        | Bought a book of Minor Magic for 280 gold pieces
  1773 | D        | Reached skill level 19 in Stealth
  1782 | D        | Reached skill level 20 in Stealth
  1806 | D        | Noticed a lindwurm
  1811 | D        | Killed a lindwurm
  1811 | D        | Reached XP level 11. HP: 53/53 MP: 12/12
  1886 | D        | Reached skill level 21 in Stealth
  1908 | D        | Learned a level 1 spell: Animate Skeleton
  2004 | D        | Reached skill level 1 in Necromancy
  2053 | D        | Noticed a 12-headed hydra
  2055 | D        | Killed a 12-headed hydra
  2055 | D        | Reached skill level 22 in Stealth
  2055 | D        | Reached skill level 1 in Spellcasting
  2245 | D        | Noticed a lorocyproca
  2256 | D        | Slain by a lorocyproca
  2257 | D        | Reached XP level 10. HP: -1/49 MP: 0/13
  2318 | D        | Killed a lorocyproca
  3008 | D        | Noticed a shining eye
  3008 | D        | Noticed a shining eye
  3008 | D        | Noticed a shining eye
  3008 | D        | Noticed a shining eye
  3008 | D        | Noticed a shining eye
  3008 | D        | Noticed a shining eye
  3011 | D        | Noticed a shining eye
  3011 | D        | Noticed a shining eye
  3012 | D        | Killed a shining eye
  3015 | D        | Killed a shining eye
  3018 | D        | Killed a shining eye
  3021 | D        | Paralysed by a floating eye for 2 turns
  3026 | D        | Reached skill level 23 in Stealth
  3033 | D        | Killed a shining eye
  3033 | D        | Reached XP level 11. HP: 53/53 MP: 15/17
  3035 | D        | Paralysed by a floating eye for 3 turns
  3036 | D        | Gained mutation: You tend to lose your temper in combat. [a shining eye]
  3038 | D        | Gained mutation: Your muscles are strong. (Str +2) [a shining eye]
  3043 | D        | Killed a shining eye
  3045 | D        | Found Bapiq's Magic Scroll Shop.
  3045 | D        | Found Liunt's Antique Armour Boutique.
  3046 | D        | Found Hidoobb's Armour Shoppe.
  3046 | D        | Found Ibrohyab's General Store.
  3046 | D        | Gained mutation: Your body sometimes deteriorates upon taking damage. [a shining eye]
  3077 | D        | Lost mutation: You tend to lose your temper in combat. [a shining eye]
  3081 | D        | Gained mutation: You are clumsy. (Dex -2) [a shining eye]
  3082 | D        | Killed a shining eye
  3087 | D        | Gained mutation: You are dopey. (Int -2) [a shining eye]
  3088 | D        | Killed a shining eye
  3097 | D        | Killed a shining eye
  3754 | D        | Killed a shadow dragon
  4518 | D        | Engulfed by a cloud of freezing vapour
  4519 | D        | Reached XP level 10. HP: -3/49 MP: 17/17
  4871 | D        | Noticed a siren
  4871 | D        | Noticed a deep elf annihilator
  4969 | D        | Noticed a siren
  4971 | D        | Noticed a mummy priest
  4972 | D        | Noticed a shadow wraith
  4972 | D        | Killed a siren
  5117 | D        | Noticed an oklob plant
  5125 | D        | Noticed Lom Lobon
  5140 | D        | HP: 2/48 [poison (dark miasma)]
  5142 | D        | Succumbed to poison (dark miasma)

Skill      XL: |  1  2  3  4  5  6  7  8  9 10 11 |
---------------+----------------------------------+-----
Stealth        | 3 5 7 9 11 14 16 23 22 | 23.6
Unarmed Combat | 5 7 9 10 11 12 14 15 18 | 18.8
Fighting       | 4 5 6 7 8 9 |  9.0
Dodging        | 6 7 9 10 11 12 | 12.5
Necromancy     | 3 4 |  4.7
Spellcasting   | 3 4 |  4.2

Action                   |  1- 3 |  4- 6 |  7- 9 | 10-12 || total
-------------------------+-------+-------+-------+-------++-------
Melee: Unarmed           |    15 |     8 |    23 |   175 ||   221
       Bite              |     3 |     3 |     5 |    20 ||    31
       Punch             |       |     1 |     2 |    20 ||    23
 Cast: Animate Skeleton  |       |       |       |     9 ||     9
  Use: Scroll            |       |       |     1 |     3 ||     4
       Potion            |       |       |     1 |     5 ||     6
 Stab: Sleeping          |     1 |     3 |     5 |    25 ||    34
       Distracted        |       |       |       |     1 ||     1
  Eat: Chunk             |       |       |     3 |     8 ||    11
Armor: Skin              |       |       |     1 |     1 ||     2
Dodge: Dodged            |     9 |     3 |    11 |    74 ||    97
